 Dungeon Crawl Stone Soup version 0.16-a0-2038-g968ce0a (webtiles) character file.

46960 Demise101 the Impaler (level 14, -12/131 (132) HPs)
             Began as a Hill Orc Healer on Nov 10, 2014.
             Was the Champion of Zin.
             Killed from afar by a balrug (14 damage)
             ... with a fireball
             ... on level 1 of the Abyss.
             The game lasted 01:40:55 (35173 turns).

Demise101 the Impaler (Hill Orc Healer)            Turns: 35173, Time: 01:40:55

HP:   -12/131 (132) AC: 18    Str: 27    XL:     14   Next: 39%
MP:   26/26         EV: 14    Int: 18    God:    Zin [******]
Gold: 1282          SH:  0    Dex: 13    Spells: 1 memorised, 7 levels left

rFire  + . .     SeeInvis .     a - +2 glaive (flame)
rCold  + + .     Clarity  .     H - +3 ring mail {rC+}
rNeg   . . .     SustAb   .     (no shield)
rPois  +         Gourm    +     N - +0 helmet
rElec  .         Spirit   .     l - +2 cloak
rCorr  .         Warding  .     (no gloves)
rMut   .         Stasis   .     G - +2 pair of boots of the Other Side {+Inv}
MR     +....                    C - amulet of the gourmand
Stlth  +.........               k - ring of protection from cold
                                t - ring of protection from fire

@: mighty, vitalised, about to teleport, short of breath, somewhat resistant to
hostile enchantments, very unstealthy
A: clever 1
a: Recite, Vitalisation, Imprison, Sanctuary, Cure All Mutations, Renounce
Religion, Evoke Invisibility


You were on level 1 of the Abyss.
You worshipped Zin.
Zin was exalted by your worship.
You were very full.

You visited 4 branches of the dungeon, and saw 22 of its levels.
You visited the Abyss 1 time.
You also visited: Ossuary, Bailey and Ice Cave.

You collected 2161 gold pieces.
You spent 415 gold pieces at shops.
You donated 464 gold pieces to Zin.

Inventory:

Hand weapons
 a - a +2 glaive of flaming (weapon)
 b - a +0 blowgun
 f - a +3 trident of flaming
Missiles
 e - 6 curare-tipped needles
 q - 7 throwing nets (quivered)
 I - 2 javelins
 M - 12 poisoned needles
 Q - 5 needles of slowing
Armour
 l - a +2 cloak (worn)
 B - a +0 mottled dragon armour
 E - a +0 pair of boots
 G - the +2 pair of boots of the Other Side (worn) {+Inv}
   (You found it on level 12 of the Dungeon)

   It lets you turn invisible.
 H - a +3 ring mail of cold resistance (worn)
 N - a +0 helmet (worn)
Jewellery
 g - an uncursed ring of teleportation
 k - a ring of protection from cold (right hand)
 t - a ring of protection from fire (left hand)
 C - an amulet of the gourmand (around neck)
Magical devices
 c - a wand of fireball (2)
 p - a wand of flame (29)
 r - a wand of digging (3)
 s - a wand of invisibility (1)
 w - a wand of confusion (5)
 D - a wand of frost (16)
 R - a wand of disintegration (5)
 V - a wand of lightning (4)
 Z - a wand of slowing (41)
Scrolls
 h - 5 scrolls of amnesia
 n - 2 scrolls of identify
 u - 2 scrolls of remove curse
 v - 2 scrolls of blinking
 x - a scroll of recharging
 F - 2 scrolls of immolation
 L - 2 scrolls of fog
Potions
 o - 7 potions of cancellation
 K - a potion of restore abilities
 O - 4 potions of flight
Comestibles
 d - 5 meat rations
 i - 21 bread rations
 j - 15 fruits
 z - 3 beef jerkies
 A - 3 slices of pizza


   Skills:
 + Level 14.3 Fighting
 * Level 16.4 Polearms
 + Level 10.5 Armour
 + Level 7.9 Dodging
 - Level 8.7 Invocations


You had 7 spell levels left.
You knew the following spells:

 Your Spells              Type           Power        Failure   Level  Hunger
h - Haste                 Chrm           #.......     100%        6    #######


Dungeon Overview and Level Annotations

Branches:
Dungeon (13/15)            Temple (1/1) D:7            Lair (5/8) D:10
 Spider (0/5) Lair:3          Orc (3/4) D:9
  Swamp: Lair:3-6    Shoals: Lair:3-6       Elf: Orc:3-4     Vaults: D:13-14

Altars:
Ashenzari
Kikubaaqudgha
Nemelex Xobeh
Qazlal
Sif Muna
Vehumet
Xom
Yredelemnul
Zin

Shops:
D:10 (   D:11 *=:?

Annotations:
D:3 chequers' ghost, average FoFi
D:12 exclusion: downstairs
Orc:3 Psyche


Innate Abilities, Weirdness & Mutations

Your mind is acute. (Int +2)


Message History

You are covered in liquid flames!
* * * LOW HITPOINT WARNING * * *
The balrug hits you with a glowing demon whip!
* * * LOW HITPOINT WARNING * * *
You are engulfed in flames!
You resist.
* * * LOW HITPOINT WARNING * * *
Your divine stamina protects you from poison!
The crimson imp blinks!
Unknown command.
Unknown command.
The balrug gestures at you. The bolt of fire hits you! You resist.
* * * LOW HITPOINT WARNING * * *
Unknown command.
Unknown command.
Drink which item? (? for menu, Esc to quit)
You feel very mighty all of a sudden. The balrug gestures at you.
The fireball explodes!
The fireball engulfs you! You resist.
You die...

#≈ # #...
## ###..#
#.. .. #
.##..5..
.##....##
###.....#
.#.. #.
#.4.2.## ..
#....### .#
.
#.###@.#4#
..#####.#.#
# .#. #.. .
#.#§## ##
#.. #. ##
#. ##. #.
## 2 ## #


You could see a balrug and a hellwing (confused).

Vanquished Creatures
  A white draconian (IceCv)
  3 hydras
  A thrashing horror (Abyss:1)
  4 unseen horrors
  A death drake (Abyss:1)
  6 hill giants
  An ice statue (IceCv)
  4 oklob plants (Lair:3)
  A griffon (D:11)
  The ghost of Demise101 the Sinner, an experienced FoHe of Elyvilon (D:9)
  A draconian (shapeshifter) (D:12)
  4 cyclopes (D:12)
  3 ugly things
  2 black mambas (Lair:4)
  5 komodo dragons
  7 spiny frogs
  A gargoyle (D:11)
  2 kobold demonologists (D:10)
  3 trolls
  A fire drake (Lair:2)
  16 polar bears (IceCv)
  4 two-headed ogres
  A catoblepas skeleton (D:11)
  4 blink frogs (Lair:4)
  5 trapdoor spiders
  2 basilisks
  2 deep elf magi (D:11)
  30 yaks
  A spriggan (D:8)
  7 wolves (IceCv)
  2 vampire mosquitoes (D:9)
  7 hippogriffs
  2 hungry ghosts
  3 wyverns
  2 hill giant skeletons
  7 water moccasins
  3 wargs (D:9)
  2 porcupines
  4 ice beasts
  A mottled dragon (D:11)
  A black bear (Lair:2)
  3 sky beasts
  A necrophage (D:6)
  11 orc warriors
  6 ogres
  8 centaurs
  8 crocodiles
  18 big kobolds
  22 giant frogs
  12 scorpions
  5 jellies
  14 killer bees
  3 crimson imps
  3 goliath beetles
  An electric eel (Lair:4)
  A human zombie (D:6)
  4 centaur zombies (Ossuary)
  An elf zombie (D:10)
  3 centaur skeletons
  10 hounds
  16 orc priests
  18 iguanas
  8 sheep (Lair:3)
  12 worker ants
  19 orc wizards
  2 big kobold zombies (Ossuary)
  2 ogre zombies
  A small abomination (Abyss:1)
  7 mummies
  6 gnolls
  11 adders
  A scorpion zombie (D:5)
  2 shadow imps
  42 green rats
  12 white imps (Orc:2)
  2 worms (D:2)
  An orc skeleton (D:5)
  2 adder skeletons
  7 giant geckos
  2 oozes
  103 orcs
  A ball python (D:3)
  14 bats
  2 bat skeletons
  15 goblins
  19 hobgoblins
  A jackal (D:6)
  15 quokkas
  A giant cockroach (D:8)
  5 giant newts
  A giant spore (D:12)
  2 hobgoblin skeletons (D:7)
  2 hobgoblin zombies (Ossuary)
  A jackal skeleton (D:5)
  A jackal zombie (D:4)
  30 kobolds
  A kobold zombie (D:5)
  An orc zombie (D:5)
  11 rats
  A rat skeleton (D:4)
  5 ballistomycetes (D:12)
  A fungus (Lair:2)
  A plant (Lair:2)
  A starspawn tentacle (Abyss:1)
700 creatures vanquished.

Vanquished Creatures (others)
  An orc priest (D:12)
  An orc wizard (D:12)
  2 orcs
  A rat (D:2)
  2 fungi (Lair:3)
  A plant (Lair:4)
  7 starspawn tentacles (Abyss:1)
  277 starspawn tentacle segments (Abyss:1)
292 creatures vanquished.

Grand Total: 992 creatures vanquished

Notes
Turn   | Place    | Note
--------------------------------------------------------------
     0 | D:1      | Demise101, the Hill Orc Healer, began the quest for the Orb.
     0 | D:1      | Reached XP level 1. HP: 16/16 MP: 2/2
   247 | D:1      | Reached skill level 1 in Polearms
   358 | D:1      | Reached XP level 2. HP: 20/23 MP: 4/4
  1637 | D:2      | Reached XP level 3. HP: 28/28 MP: 5/5
  2078 | D:3      | Noticed chequers' ghost (average FoFi)
  2697 | D:3      | Reached XP level 4. HP: 34/37 MP: 7/7
  2887 | D:4      | Reached skill level 4 in Polearms
  2887 | D:4      | Reached XP level 5. HP: 31/45 MP: 8/8
  3121 | D:4      | Found a sand-covered staircase.
  3139 | Ossuary  | Entered an ossuary
  3388 | Ossuary  | Reached skill level 5 in Polearms
  3388 | Ossuary  | Reached XP level 6. HP: 33/52 MP: 10/10
  3847 | Ossuary  | Reached skill level 6 in Polearms
  4058 | D:4      | Reached XP level 7. HP: 60/60 MP: 12/12
  4473 | D:4      | Reached skill level 5 in Fighting
  4960 | D:5      | Entered Level 5 of the Dungeon
  4965 | D:5      | Reached skill level 7 in Polearms
  5339 | D:5      | Reached XP level 8. HP: 60/70 MP: 13/13
  5458 | D:5      | Reached skill level 8 in Polearms
  5633 | D:5      | Gained mutation: Your mind is acute. (Int +2) [potion of beneficial mutation]
  6786 | D:6      | Reached skill level 9 in Polearms
  7121 | D:6      | Found a stormy altar of Qazlal.
  7468 | D:6      | Found a basalt altar of Yredelemnul.
  7915 | D:7      | Reached skill level 10 in Polearms
  7915 | D:7      | Reached XP level 9. HP: 61/79 MP: 15/15
  8154 | D:7      | Got a faintly humming ring mail
  8165 | D:7      | Identified the +2 ring mail "Namuef" {Str+3 Int-1} (You found it on level 7 of the Dungeon)
  8422 | D:7      | Found a staircase to the Ecumenical Temple.
  8770 | Temple   | Entered the Ecumenical Temple
  8779 | Temple   | Fell from the grace of Elyvilon
  8779 | Temple   | Became a worshipper of Zin the Law-Giver
  8779 | Temple   | Acquired Zin's first power
  8779 | Temple   | Acquired Zin's second power
  8816 | Temple   | Donated 165 gold pieces to Zin
  8817 | Temple   | Donated 83 gold pieces to Zin
  8836 | D:8      | Noticed a brown ugly thing
  8888 | D:8      | Killed a brown ugly thing
  8888 | D:8      | Reached skill level 11 in Polearms
  9540 | D:8      | Acquired Zin's third power
 10118 | D:9      | Reached skill level 12 in Polearms
 10143 | D:9      | Reached XP level 10. HP: 84/91 MP: 16/16
 10832 | D:9      | Reached skill level 10 in Fighting
 10832 | D:9      | Reached skill level 13 in Polearms
 11234 | D:9      | Noticed Demise101's ghost (experienced FoHe)
 11252 | D:9      | Killed Demise101's ghost
 11371 | D:9      | Found a staircase to the Orcish Mines.
 11594 | D:10     | Entered Level 10 of the Dungeon
 11626 | D:10     | Found Jyzez's Weapon Emporium.
 11658 | D:10     | Found a flagged portal.
 11670 | Bailey   | Entered a bailey
 11750 | Bailey   | Reached skill level 1 in Armour
 11882 | Bailey   | Acquired Zin's fourth power
 12579 | D:10     | Killed an unseen horror
 12588 | D:10     | Reached skill level 14 in Polearms
 12926 | D:10     | Reached XP level 11. HP: 98/101 MP: 18/18
 13077 | D:10     | Noticed a hill giant
 13099 | D:10     | Killed a hill giant
 13126 | D:10     | HP: 2/101 [warg (6)]
 13578 | D:10     | Noticed a hill giant
 14189 | D:10     | Found a staircase to the Lair.
 14679 | Lair:1   | Entered Level 1 of the Lair of Beasts
 14988 | Lair:1   | Reached skill level 5 in Armour
 16019 | Lair:2   | Reached skill level 5 in Invocations
 17825 | Lair:3   | Reached XP level 12. HP: 84/111 MP: 22/22
 18844 | Lair:3   | Found a hole to the Spider Nest.
 19020 | Lair:3   | Learned a level 6 spell: Haste
 19200 | Lair:3   | Reached skill level 5 in Dodging
 20049 | Lair:3   | Found a glowing silver altar of Zin.
 22488 | Lair:4   | Noticed a five-headed hydra
 22498 | Lair:4   | Killed a five-headed hydra
 23596 | Lair:4   | Noticed a six-headed hydra
 23741 | Lair:5   | Noticed an eight-headed hydra
 24176 | Lair:5   | Killed an eight-headed hydra
 24569 | Lair:4   | Reached XP level 13. HP: 34/119 MP: 25/25
 25162 | D:10     | Killed a hill giant
 26076 | D:11     | Upgraded the game from 0.16-a0-2034-ge585701 to 0.16-a0-2038-g968ce0a
 26175 | D:11     | Bought a scroll of teleportation for 36 gold pieces
 26175 | D:11     | Bought a scroll of identify for 24 gold pieces
 26175 | D:11     | Bought a scroll of teleportation for 36 gold pieces
 26175 | D:11     | Bought a scroll of identify for 24 gold pieces
 26175 | D:11     | Bought a scroll of teleportation for 36 gold pieces
 26175 | D:11     | Bought a scroll of blinking for 90 gold pieces
 26175 | D:11     | Bought a scroll of remove curse for 36 gold pieces
 26180 | D:11     | Found Ezawages' Book Shoppe.
 27021 | D:11     | Found Kaduck's Jewellery Shop.
 27066 | D:11     | Found Klut's General Store.
 27069 | D:11     | Bought a scroll of blinking for 105 gold pieces
 27069 | D:11     | Bought a potion of curing for 28 gold pieces
 27090 | D:11     | HP: 5/122 [white ugly thing (32)]
 27934 | D:11     | Found a shattered altar of Ashenzari.
 27995 | D:11     | Reached skill level 15 in Polearms
 29455 | D:12     | Got a pair of slimy boots
 29470 | D:12     | Identified the +2 pair of boots of the Other Side {+Inv} (You found it on level 12 of the Dungeon)
 31581 | D:13     | Reached skill level 10 in Armour
 31769 | D:13     | Noticed an orc warlord
 31769 | D:13     | Noticed an ettin
 31777 | D:13     | Noticed a deep elf annihilator
 31951 | Orc:1    | Entered Level 1 of the Orcish Mines
 31964 | Orc:1    | Reached XP level 14. HP: 124/130 MP: 26/26
 32024 | Orc:1    | Found an ancient bone altar of Kikubaaqudgha.
 32643 | Orc:2    | Found a frozen archway.
 32692 | IceCv    | Entered an ice cave
 32913 | IceCv    | Reached skill level 16 in Polearms
 34794 | Orc:3    | Noticed Psyche
 34805 | Orc:3    | Cast into the Abyss (Psyche)
 34878 | Abyss:1  | Noticed a tentacled starspawn
 34993 | Abyss:1  | HP: 5/131 [hell hog (9)]
 35008 | Abyss:1  | Noticed a balrug
 35172 | Abyss:1  | HP: 2/131 [balrug/bolt of fire (15)]
 35173 | Abyss:1  | Killed from afar by a balrug

Action                   |  1- 3 |  4- 6 |  7- 9 | 10-12 | 13-15 || total
-------------------------+-------+-------+-------+-------+-------++-------
Melee: Spear             |   122 |       |       |       |       ||   122
       Halberd           |    13 |   163 |   376 |       |       ||   552
       Trident           |       |       |   129 |  1301 |    63 ||  1493
       Glaive            |       |       |       |    73 |   924 ||   997
 Fire: Blowgun           |       |       |     4 |     5 |     8 ||    17
Throw: Throwing net      |       |       |       |     1 |     1 ||     2
Invok: Lesser Healing    |     7 |     7 |     1 |       |       ||    15
       Purification      |       |       |     1 |       |       ||     1
       Recite            |       |       |     2 |    10 |    10 ||    22
       Vitalisation      |       |       |     1 |    13 |     8 ||    22
       Imprison          |       |       |       |     1 |       ||     1
       Sanctuary         |       |       |       |     1 |       ||     1
Evoke: Wand              |       |       |       |    34 |    14 ||    48
  Use: Scroll            |    14 |     3 |     5 |    22 |    16 ||    60
       Potion            |     3 |     3 |     7 |     8 |     9 ||    30
 Stab: Invisible         |       |       |       |     4 |     5 ||     9
       Confused          |       |       |       |     1 |       ||     1
  Eat: Chunk             |     5 |       |    22 |    44 |    24 ||    95
       Meat ration       |     1 |     1 |       |     2 |     2 ||     6
       Beef jerky        |       |       |     2 |       |     1 ||     3
       Royal jelly       |       |       |     1 |       |       ||     1
